 Dungeon Crawl Stone Soup version 0.21-a0-496-g696f58f537 (webtiles) character file.

155 Kaname the Stinger (level 5, 22/36 HPs)
             Began as a Demonspawn Venom Mage on Nov 24, 2017.
             Quit the game on level 4 of the Dungeon.
             The game lasted 00:08:18 (2408 turns).

Kaname the Stinger (Demonspawn Venom Mage)          Turns: 2408, Time: 00:08:19

Health: 22/36      AC:  3    Str:  8    XL:     5   Next: 14%
Magic:  1/8        EV: 12    Int: 17    God:
Gold:   89         SH:  0    Dex: 14    Spells: 2/8 levels left

rFire    . . .     SeeInvis .   f - +0 short sword
rCold    . . .     Gourm    .   (no shield)
rNeg     . . .     Faith    .   a - +0 robe
rPois    .         Spirit   .   (helmet restricted)
rElec    .         Reflect  .   (no cloak)
rCorr    .         Harm     .   (no gloves)
MR       .....                  (no boots)
Stlth    ++........             (no amulet)
HPRegen  0.12/turn              (no ring)
MPRegen  0.11/turn              (no ring)

@: flying
A: antennae 1, rugged brown scales 1
a: no special abilities


You were on level 4 of the Dungeon.
You were not hungry.

You visited 1 branch of the dungeon, and saw 4 of its levels.

You collected 89 gold pieces.

Inventory:

Hand Weapons
 f - a +0 short sword (weapon)
Armour
 a - a +0 robe (worn)
Scrolls
 g - 2 scrolls of remove curse
 i - 2 scrolls of enchant weapon
 j - 2 scrolls of magic mapping {unknown}
 k - 2 scrolls of enchant armour {unknown}
 o - a scroll of teleportation {unknown}
 p - a scroll of amnesia {unknown}
 r - a scroll of noise {unknown}
Potions
 d - a potion of flight
 e - a potion of cancellation {unknown}
 h - 3 potions of heal wounds
 l - a potion of might {unknown}
 n - a potion of magic
Books
 b - a Young Poisoner's Handbook

   Spells                             Type                      Level
   a - Sting                          Conjuration/Poison           1
   b - Poisonous Vapours              Poison/Air                   2
   c - Mephitic Cloud                 Conjuration/Poison/Air       3
   d - Olgreb's Toxic Radiance        Poison                       4
   e - Venom Bolt                     Conjuration/Poison           5
Comestibles
 c - 2 bread rations
 m - 4 fruits


   Skills:
 - Level 1.7 Dodging
 - Level 1.7 Stealth
 - Level 2.0 Spellcasting
 - Level 2.0 Conjurations
 + Level 1.6 Air Magic
 * Level 5.1 Poison Magic


You had 2 spell levels left.
You knew the following spells:

 Your Spells              Type           Power        Failure   Level  Hunger
a - Sting                 Conj/Pois      ##..         4%          1    #......
b - Poisonous Vapours     Pois/Air       ##....       7%          2    ###....
c - Mephitic Cloud        Conj/Pois/Air  ##......     17%         3    ###....


Dungeon Overview and Level Annotations

Branches:
Dungeon (3/15)

Altars:

Annotations:
D:4 Eustachio


Innate Abilities, Weirdness & Mutations

You have a pair of small antennae on your head.
You are partially covered in rugged brown scales. (AC +1, +3% HP)


Message History

Poisonous vapours surround the adder!
The adder is engulfed in poison gas.
The adder is poisoned.
The adder looks even sicker.
Something hits you.
* * * LOW HITPOINT WARNING * * *
It was a potion of heal wounds.
You feel much better.
You hear some strange, mumbled words.
A magic dart appears from out of thin air!
The magic dart hits you!
Casting: Poisonous Vapours
Confirm with . or Enter, or press ? or * to list all spells.
Aiming: Poisonous Vapours
Press: ? - help, Dir - move target cursor, p - adder Poisonous vapours surround something!
Something hits you but does no damage.
You hit something.
Reactivating autopickup.
Your Poison Magic skill increases to level 5!
You have reached level 5!
Your demonic ancestry asserts itself...
Rugged brown scales grow over part of your body.
You feel a bit more experienced.
Are you sure you want to abandon this character and quit the game? (Confirm with "yes".)

#.# .......) #.#
....... #)##
######.....o #..##
#......o...$ ##..#
#..####.#####
#########.####..# ###.#
.....S....o....####...#
##########S#####....###
#@## #.#### #..####.#
###.#....# #.......##
#.......# #....>..#
#.......# #.......#
#########


You could see an adder and an orc.

Vanquished Creatures
  A howler monkey (D:4)
  2 orc wizards (D:4)
  A howler monkey skeleton (D:4)
  An ooze (D:2)
  2 dart slugs
  2 orcs (D:4)
  A ball python (D:1)
  6 giant cockroaches
  3 goblins
  6 hobgoblins
  3 quokkas
  7 bats
  A frilled lizard (D:2)
  3 kobolds
  8 rats
47 creatures vanquished.

Notes
Turn   | Place    | Note
-------+----------+-------------------------------------------
     0 | D:1      | Kaname the Demonspawn Venom Mage began the quest for the Orb.
     0 | D:1      | Reached XP level 1. HP: 13/13 MP: 3/3
   340 | D:1      | Gained mutation: You have a pair of small antennae on your head. [demonic ancestry]
   340 | D:1      | Reached XP level 2. HP: 19/19 MP: 3/5
   347 | D:1      | Learned a level 2 spell: Poisonous Vapours
  1483 | D:2      | Reached XP level 3. HP: 5/24 MP: 6/6
  1486 | D:2      | Noticed an ice beast
  1488 | D:2      | Learned a level 3 spell: Mephitic Cloud
  1777 | D:2      | Reached skill level 4 in Poison Magic
  2244 | D:3      | You fall through a shaft!
  2262 | D:4      | Reached skill level 1 in Air Magic
  2262 | D:4      | Reached XP level 4. HP: 19/30 MP: 0/7
  2358 | D:4      | Noticed Eustachio
  2407 | D:4      | Reached skill level 5 in Poison Magic
  2407 | D:4      | Gained mutation: You are partially covered in rugged brown scales. (AC +1, +3% HP) [demonic ancestry]
  2407 | D:4      | Reached XP level 5. HP: 22/36 MP: 1/8
  2408 | D:4      | Quit the game

Vault maps used:
D:1:      scummos_arrival_hexagon
D:2:      cheibrodos_old_hovel
D:3:      uniq_sigmund
D:4:      first_bread, uniq_eustachio

Skill      XL: |  1  2  3  4 |
---------------+-------------+-----
Poison Magic   | 4 5 |  5.1
Conjurations   | 2 |  2.0
Air Magic      | 1 |  1.6
Dodging        | |  1.7
Stealth        | |  1.7
Spellcasting   | |  2.0

Action                   |  1- 3 |  4- 6 || total
-------------------------+-------+-------++-------
Melee: Unarmed           |    37 |       ||    37
       Short sword       |    65 |    19 ||    84
 Cast: Sting             |    16 |       ||    16
       Poisonous Vapours |    25 |     9 ||    34
  Use: Scroll            |     4 |       ||     4
       Potion            |       |     3 ||     3
 Stab: Sleeping          |     2 |       ||     2
  Eat: Chunk             |     6 |     1 ||     7
Armor: Robe              |    22 |     3 ||    25
Dodge: Dodged            |    89 |    12 ||   101

Table legend:
 A = Spawn XP
 B = Non-spawn XP
 C = Spawn XP percentage of total XP
 D = Spawn monster count
 E = Non-spawn monster count
 F = Spawn count percentage of total count
 G = Total turns spent on level
                    A         B        C        D         E        F      G
               +---------+---------+-------+---------+---------+-------+---------
         Total |       0 |     222 |   0.0 |       0 |      47 |   0.0 |  2408
               +---------+---------+-------+---------+---------+-------+---------
           D:1 |       0 |      33 |   0.0 |       0 |      19 |   0.0 |  1398
           D:2 |       0 |      38 |   0.0 |       0 |      19 |   0.0 |   803
           D:3 |       0 |       3 |   0.0 |       0 |       2 |   0.0 |    43
           D:4 |       0 |     148 |   0.0 |       0 |       7 |   0.0 |   164
               +---------+---------+-------+---------+---------+-------+---------
